 BcadrenCrawl: Boulder Brew version 0.05.1-3-gb0ac801aa2 (webtiles) character file.

Game seed: 9831318871194722034, levelgen mode: deterministic

14955 st0uf the Grappler (level 11, -7/102 HPs) Pink Draconian Demonspawn. Began on May 30, 2021. Was a High Priest of Bahamut & Tiamat. Mangled by a wolf spider (16 damage) ... on level 1 of the Lair of Beasts. The game lasted 00:39:44 (6936 turns).

st0uf the Grappler (Pink Draconian Demonspawn)      Turns: 6936, Time: 00:39:45

Health: -7/102     AC: 11    Str: 16    XL:     11 ^: 483
Magic:  26/26      EV: 15    Int: 22    God:    Bahamut & Tiamat [5* [130]]
Gold:   312        SH:  0    Dex: 18    Spells: 23/26 levels left

rFire    . . .     Vision   .     - Unarmed
rCold    . . .     Gourm    .     - Unarmed
rNeg     . . .     Faith    .   (armour unavailable)
rPois    .         Spirit   .   (helmet restricted)
rElec    .         Reflect  .   (no cloak)
rCorr    .         Harm     .   I - +2 pair of gloves {Dex+3}
MR       .....     Clarity  +   (no boots)
Stlth    +++++.....             h - amulet of rage
HPRegen  0.44/turn              a - ring of intelligence
MPRegen  0.36/turn              v - ring of dexterity

@: about to teleport, hasted, very quick
A: antennae, beak, camouflage 1, deformed body 2, high mp 1, robust 1, spiny 2,
cold-blooded, rot immunity, boosted maces & staves aptitude, summoning enhancer
1, clarity, AC +8
a: Breathe Butterflies, Choose Bahamut's Refined Breath, Choose Tiamat's
Adaptive Breath, Summon Drakes, Renounce Religion, Evoke Berserk Rage


You were on level 1 of the Lair of Beasts.
You worshipped Bahamut & Tiamat.
Bahamut & Tiamat was extremely pleased with you.
You were not hungry.

You visited 2 branches of the dungeon, and saw 6 of its levels.
You also visited: Ice Cave.

You collected 312 gold pieces.

Inventory:

Shields
 t - a +2 heater shield of positive energy
Armour
 C - a cursed +0 pair of boots {(Curse: Stlth-)}
 I - a +2 pair of gloves of dexterity (worn)
Jewellery
 a - a ring of intelligence (left hand)
 h - an amulet of rage (around neck)
 m - an uncursed ring of resist corrosion
 o - an uncursed ring of intelligence
 u - a cursed amulet of harm {(Curse: rC- MR-)}
 v - a ring of dexterity (right hand)
 B - an uncursed ring of stealth
 E - an uncursed amulet of magic regeneration
 H - an uncursed ring of ice
Wands
 x - a wand of healing (3)
 y - a wand of flame (2)
 F - a wand of iceblast (18)
Scrolls
 c - a scroll of summoning
 d - 4 scrolls of silence
 f - 3 scrolls of fear
 g - a scroll of blinking
 n - 2 scrolls of immolation
 z - a scroll of enchantment
 D - a scroll of magic mapping
 G - a scroll of bless item
Potions
 e - 5 potions of haste
 i - 2 potions of magic
 k - 2 potions of cancellation
 l - 2 potions of mutation
 q - 2 potions of curing
 r - 2 potions of heal wounds
 s - a potion of might
 w - a potion of ambrosia
 A - 2 potions of brilliance
Miscellaneous
 p - a phial of floods
Comestibles
 b - 14 rations


   Skills:
 * Level 7.7 Fighting
 + Level 4.1 Dodging
 + Level 4.5 Stealth
 + Level 10.9 Unarmed Combat
 * Level 8.2 Spellcasting
 * Level 6.9 Summonings
 - Level 1.5 Fire Magic
 * Level 8.3 Invocations


You had 23 spell levels left.
You knew the following spells:

 Your Spells              Type           Power        Failure   Level  Hunger
a - Flame Tongue          Fire           15 (30)      3%          1    None
b - Call Imp              Summ           56 (100)     1%          2    None

Your spell library contained the following spells:

 Spells                   Type           Power        Failure   Level  Hunger
 Blink                    Tloc           N/A          11%         2    None
 Slow                     Hex            9 (100)      11%         2    None
 Conjure Flame            Fire           15 (100)     12%         3    None
 Mephitic Cloud           Pois/Air       9 (100)      22%         3    None
 Ice Form                 Ice/Tmut       9 (100)      58%         4    ###....
 Bolt of Cold             Ice            9 (200)      100%        6    ######.
 Freezing Cloud           Ice/Air        9 (200)      100%        6    ######.
 Ozocubu's Refrigeration  Ice            9 (200)      100%        6    ######.
 Simulacrum               Ice/Necr       9 (200)      100%        6    ######.


Dungeon Overview and Level Annotations

Branches:
Dungeon (5/8)              Temple (0/1) D:4            Lair (1/6) D:5
  IceCv (visited)

Altars:
Bahamut & Tiamat
Fedhas Madash
Hepliaklqana
Kikubaaqudgha
Makhleb
Qazlal
Sif Muna
Wu Jian
Yredelemnul

Shops:
D:5 =

Annotations:
D:4 exclusion: door
D:5 Harold
Lair:1 exclusion: boulder beetle


Innate Abilities, Weirdness & Mutations

Your fierce pink scales are resilient. (AC +8)
You can breathe friendly butterflies.
You have a pair of antennae on your head. (+Vis)
You cannot wear any armour on your peculiar form.
You are robust. (+10% HP)
You are mostly covered in sharp spines.
You are cold-blooded and are slowed more easily by cold attacks.
You are immune to rotting.
You are naturally skilled at Maces & Staves (Aptitude +3).
You are in touch with the powers of summonings.
Your fierce pink scales grant you exceptional clarity of mind. (clarity)
You have a beak for a mouth.
Your skin changes colour to match your surroundings (Stealth++).
You have an increased reservoir of magic. (+15% MP)


Message History

The guardian mummy hits you from afar with a +0 halberd (18)!!
Tiamat extends your haste.
You hear an angry hiss.
The redback blocks your attack.
You hit the redback (6).
You kill the redback!
Tiamat appreciates your kill.
You punch the wolf spider (10)!
You hit the wolf spider but do no damage.
The wolf spider is heavily wounded. (27/58) HP The wolf spider is struck by your spines (6).
The wolf spider hits you (18)!!
* * * LOW HITPOINT WARNING * * *
Tiamat extends your haste. The wolf spider bites you (12)!
* * * LOW HITPOINT WARNING * * *
As you read the scroll of teleportation, it crumbles to dust.
You feel strangely unstable.
The wolf spider is struck by your spines (6).
The wolf spider hits you (16)!
You die...

#........#.#.....
#................
##.........##.....
#...§..#####*#....
#..#..## ##...
##M###P# ##.#
#8§8#### ### ##†##
#@# ###s###
*#8Ms§8#*
#8.§]..8#
##8...8## #######


You could see a mummy priest, 2 wolf spiders and a guardian mummy.

Vanquished Creatures
  A two-headed ogre (D:5)
  A hydra (Lair:1)
  Pikel (D:4)
  A necromancer (IceCv)
  An ice statue (IceCv)
  9 freezing wraiths (IceCv)
  3 trolls (D:5)
  An elephant (D:5)
  2 rime drakes (Lair:1)
  A komodo dragon (Lair:1)
  5 blink frogs (Lair:1)
  A hippogriff (D:5)
  A vampire (D:3)
  Sigmund (D:3)
  A human (D:3)
  2 basilisks
  A redback (Lair:1)
  A phantom (D:3)
  2 scorpions (D:5)
  4 porcupines
  2 water moccasins
  8 ice beasts
  4 sky beasts
  6 ogres
  An alligator simulacrum (IceCv)
  6 crocodiles
  An elf zombie (D:3)
  A big kobold (D:2)
  An elf skeleton (D:3)
  2 bullfrogs
  A gnoll sergeant (D:2)
  An elephant simulacrum (IceCv)
  2 draconian simulacra (IceCv)
  A troll skeleton (D:3)
  7 howler monkeys
  2 human zombies (D:3)
  A polar bear simulacrum (IceCv)
  3 spriggan simulacra (IceCv)
  6 troll simulacra (IceCv)
  A crimson imp (D:4)
  4 hounds
  5 human skeletons (D:3)
  9 jellies
  5 orc wizards
  A gnoll shaman (D:2)
  A mummy (D:3)
  3 iguanas
  4 worker ants
  A wyvern skeleton (D:4)
  5 naga simulacra (IceCv)
  3 ogre simulacra (IceCv)
  10 giant cockroaches
  2 bullfrog zombies (D:4)
  4 bullfrog skeletons
  8 adders
  10 gnolls
  34 sewer rats
  14 white imps
  A centaur simulacrum (IceCv)
  A wolf simulacrum (IceCv)
  4 worms (D:2)
  17 cinder newts
  5 oozes
  A worker ant zombie (D:5)
  A dart slug (D:1)
  5 leopard geckos
  11 orcs
  5 adder skeletons
  7 ball pythons (D:2)
  9 bats
  A cinder newt skeleton (D:2)
  A goblin (D:1)
  6 hobgoblins (D:1)
  3 jackals (D:3)
  10 kobolds
  3 quokkas
  A ball python skeleton (D:2)
  2 bat skeletons (D:2)
  A goblin skeleton (D:2)
  A goblin zombie (D:3)
  A hobgoblin skeleton (D:2)
  2 kobold skeletons (D:2)
  A leopard gecko skeleton (D:2)
  2 orc skeletons (D:2)
  6 rats
  A rat skeleton (D:2)
  4 slaves
  14 withered plants (D:2)
347 creatures vanquished.

Vanquished Creatures (others)
  A ball python (D:2)
  A slimehead (D:2)
  62 withered plants (D:2)
64 creatures vanquished.

Grand Total: 411 creatures vanquished

Notes
Turn   | Place    | Note
-------+----------+-------------------------------------------
     0 | D:1      | st0uf the Immature Draconian Demonspawn began the quest for
                  | the Orb.
     0 | D:1      | Reached XP level 1. HP: 16/16 MP: 3/3
    29 | D:1      | Gained mutation: You are partially covered in sharp spines.
                  | [demonic ancestry]
    29 | D:1      | Reached XP level 2. HP: 23/23 MP: 4/4
   127 | D:1      | Reached skill level 2 in Unarmed Combat
   128 | D:1      | Gained mutation: You have a pair of antennae on your head.
                  | (+Vis) [demonic ancestry]
   128 | D:1      | Reached XP level 3. HP: 29/29 MP: 4/6
   258 | D:1      | Reached XP level 4. HP: 31/36 MP: 7/7
   610 | D:1      | Gained mutation: You have a beak for a mouth. [potion of
                  | mutation]
   610 | D:1      | Gained mutation: Your skin changes colour to match your
                  | surroundings (Stealth++). [potion of mutation]
   610 | D:1      | Gained mutation: You have an increased reservoir of magic.
                  | (+15% MP) [potion of mutation]
   702 | D:2      | Reached XP level 5. HP: 30/41 MP: 10/10
   717 | D:2      | Reached skill level 3 in Unarmed Combat
   848 | D:2      | Gained mutation: You are mostly covered in sharp spines.
                  | [demonic ancestry]
   848 | D:2      | Reached XP level 6. HP: 39/50 MP: 12/12
   905 | D:2      | Reached skill level 4 in Unarmed Combat
  1038 | D:2      | Your scales start taking on a fierce pink colour.
  1038 | D:2      | Reached XP level 7. HP: 53/57 MP: 14/14
  1038 | D:2      | Gained mutation: Your fierce pink scales grant you
                  | exceptional clarity of mind. (clarity) [Pink Draconian
                  | growth]
  1038 | D:2      | Gained mutation: You are in touch with the powers of
                  | summonings. [Pink Draconian growth]
  1437 | D:2      | Reached skill level 5 in Unarmed Combat
  1753 | D:2      | Gained mutation: You are immune to rotting. [demonic
                  | ancestry]
  1753 | D:2      | Reached XP level 8. HP: 66/66 MP: 16/16
  2127 | D:2      | Found a faded altar of an unknown god.
  2339 | D:3      | Learned a level 2 spell: Call Imp
  2359 | D:3      | Found a burning altar of Makhleb.
  2359 | D:3      | Noticed Sigmund
  2366 | D:3      | Killed Sigmund
  2366 | D:3      | Reached skill level 6 in Unarmed Combat
  2369 | D:3      | Reached skill level 1 in Summonings
  2725 | D:3      | Reached skill level 5 in Spellcasting
  2736 | D:3      | Found an ornate altar of Bahamut and Tiamat.
  2741 | D:3      | Became a worshipper of Bahamut & Tiamat
  2857 | D:3      | Reached XP level 9. HP: 66/73 MP: 19/19
  2868 | D:3      | Reached skill level 7 in Unarmed Combat
  2886 | D:3      | Reached * piety under Bahamut & Tiamat
  2910 | D:3      | Found an ancient bone altar of Kikubaaqudgha.
  2961 | D:3      | Found a runed translucent door.
  2965 | D:3      | Found a basalt altar of Yredelemnul.
  2987 | D:3      | Reached skill level 5 in Fighting
  3042 | D:3      | Found an ornate altar of the Wu Jian Council.
  3209 | D:4      | Noticed Pikel
  3302 | D:4      | Found a stormy altar of Qazlal.
  3313 | D:4      | Reached skill level 8 in Unarmed Combat
  3490 | D:4      | Reached ** piety under Bahamut & Tiamat
  3524 | D:4      | Identified the cursed +6 hatchet of the Evening {chop,
                  | Dex+5, (Curse: rC-)}
  3534 | D:4      | Killed Pikel
  3534 | D:4      | Reached skill level 5 in Invocations
  3534 | D:4      | Gained mutation: You are naturally skilled at Maces &
                  | Staves (Aptitude +3). [draconic bloodline]
  3534 | D:4      | Gained mutation: You are robust. (+10% HP) [demonic
                  | ancestry]
  3534 | D:4      | Reached XP level 10. HP: 74/91 MP: 20/22
  3733 | D:4      | Found a shimmering blue altar of Sif Muna.
  3919 | D:4      | Found a staircase to the Ecumenical Temple.
  3937 | D:5      | Entered Level 5 of the Dungeon
  4027 | D:5      | Found a blossoming altar of Fedhas.
  4027 | D:5      | Noticed a two-headed ogre
  4036 | D:5      | Killed a two-headed ogre
  4036 | D:5      | Reached skill level 9 in Unarmed Combat
  4102 | D:5      | Found a staircase to the Lair.
  4137 | D:5      | Reached *** piety under Bahamut & Tiamat
  4145 | D:5      | Reached skill level 5 in Summonings
  4321 | D:5      | Noticed Harold
  4423 | D:5      | Found Mutwan's Jewellery Shoppe.
  4544 | D:5      | Found a hazy altar of Hepliaklqana.
  4724 | Lair:1   | Entered Level 1 of the Lair of Beasts
  4735 | Lair:1   | Reached XP level 11. HP: 100/100 MP: 23/25
  4779 | Lair:1   | Noticed an eight-headed hydra
  4787 | Lair:1   | Killed an eight-headed hydra
  4795 | Lair:1   | Found a frozen archway.
  4798 | Lair:1   | Reached skill level 10 in Unarmed Combat
  4996 | IceCv    | Entered an ice cave
  5207 | IceCv    | Reached **** piety under Bahamut & Tiamat
  5871 | IceCv    | Found an ancient bone altar of Kikubaaqudgha.
  6186 | IceCv    | Reached ***** piety under Bahamut & Tiamat
  6786 | Lair:1   | Noticed a boulder beetle
  6921 | Lair:1   | Noticed a mummy priest
  6936 | Lair:1   | Mangled by a wolf spider

Levels and vault maps discovered:
D:1:      lightli_arrival_noodles, layout_rooms, serial_glass, glass_columns_a,
          glass_columns_c, minmay_strange_pillars, minmay_strange_pillars,
          feat_on_display, minmay_strange_pillars, gup_sewer_entry_bowl
D:2:      layout_sewer, sewer_minmay_treatment, first_ration,
          chequers_ecumenical_altar_simple_redux
D:3:      layout_rooms, nicolae_overflow_hidden_temple, lemuel_doored_altar,
          lemuel_mausoleum_altar_kikubaaqudgha, makhleb_heckhound_becter,
          dk_yredelemnul_ordeal, uniq_sigmund
D:4:      layout_cave_pools, led_sif_book, minmay_temple_entry_glassed_door,
          basic_altar, serial_park, uniq_pikel
D:5:      layout_irregular_city, kennysheep_mini_moat,
          lemuel_coloured_pillars_altar, david_lair_generic, serial_shops,
          nicolae_shop_behind_doors, uniq_harold
Lair:1:   layout_gridlike, portal_ice_cave_rime, chequers_ossuary_entry_cave

Skill      XL: |  1  2  3  4  5  6  7  8  9 10 11 |
---------------+----------------------------------+-----
Unarmed Combat | 2 3 4 5 6 8 9 10 | 10.9
Spellcasting   | 2 3 4 5 6 7 8 |  8.2
Fighting       | 2 3 4 5 6 7 |  7.7
Dodging        | 3 4 |  4.1
Stealth        | 2 3 4 |  4.5
Summonings     | 2 4 5 6 |  6.9
Invocations    | 5 6 8 |  8.3
Fire Magic     | |  1.5

Action                   |  1- 3 |  4- 6 |  7- 9 | 10-12 || total
-------------------------+-------+-------+-------+-------++-------
Melee: Unarmed           |    80 |   399 |   592 |   455 ||  1526
       Tailslap          |     4 |    13 |    33 |    30 ||    80
       Peck              |       |    18 |    71 |    50 ||   139
 Cast: Call Imp          |       |       |       |     5 ||     5
Invok: Choose Tiamat's R |       |       |     1 |       ||     1
       Choose Tiamat's S |       |       |       |     1 ||     1
  Use: Potion            |       |     1 |       |     1 ||     2
       Scroll            |       |       |       |     2 ||     2
 Stab: Sleeping          |       |     6 |    30 |    12 ||    48
       Distracted        |       |       |     2 |       ||     2
  Eat: Chunk             |       |     1 |    10 |     7 ||    18
       Ration            |       |       |       |     1 ||     1
Armor: Skin              |     7 |    25 |    38 |    37 ||   107
Dodge: Dodged            |    23 |    63 |    85 |    54 ||   225
